 Dungeon Crawl Stone Soup version 0.22.1-2-g9c5b331 (webtiles) character file.

7 MalarOregon the Insei (level 2, 0/21 HPs)
             Began as a Merfolk Transmuter on Dec 1, 2018.
             Slain by a dart slug (1 damage)
             ... on level 1 of the Dungeon.
             The game lasted 00:00:17 (85 turns).

MalarOregon the Insei (Merfolk Transmuter)            Turns: 85, Time: 00:00:18

Health: 0/21       AC:  2    Str: 10    XL:     2   Next: 0%
Magic:  5/5        EV: 13    Int: 12    God:
Gold:   29         SH:  0    Dex: 14    Spells: 4/5 levels left

rFire    . . .     SeeInvis .     - Unarmed
rCold    . . .     Gourm    .   (no shield)
rNeg     . . .     Faith    .   b - +0 robe
rPois    .         Spirit   .   (no helmet)
rElec    .         Reflect  .   (no cloak)
rCorr    .         Harm     .   (no gloves)
MR       .....                  (no boots)
Stlth    +.........             (no amulet)
HPRegen  0.07/turn              (no ring)
MPRegen  0.09/turn              (no ring)

@: no status effects
A: change form in water, swift swim, stealthy swim
a: no special abilities


You were on level 1 of the Dungeon.
You were not hungry.

You visited 1 branch of the dungeon, and saw 1 of its levels.

You collected 29 gold pieces.

Inventory:

Missiles
 a - 12 arrows
Armour
 b - a +0 robe (worn)
Scrolls
 d - a scroll of noise {unknown}
 f - a scroll of identify {unknown}
 g - a scroll of remove curse {unknown}
Comestibles
 c - 6 chunks of flesh
 e - a ration {!d}


   Skills:
 + Level 1.2 Fighting
 + Level 0.2 Armour
 + Level 2.8 Dodging
 * Level 3.4 Unarmed Combat
 + Level 2.0 Spellcasting
 + Level 2.8 Transmutations


You had 4 spell levels left.
You knew the following spells:

 Your Spells              Type           Power        Failure   Level  Hunger
a - Beastly Appendage     Tmut           #.....       9%          1    ##.....

Your spell library contained the following spells:

 Spells                   Type           Power        Failure   Level  Hunger
 Sticks to Snakes         Tmut           #.......     13%         2    ###....
 Spider Form              Tmut/Pois      #.........   41%         3    ####...
 Ice Form                 Ice/Tmut       #.......     83%         4    #####..
 Blade Hands              Tmut           #.........   93%         5    ######.


Dungeon Overview and Level Annotations

Branches:
Dungeon (1/15)

Altars:


Message History

No target in view!
No target in view!
No target in view!
You butcher the rat corpse.
c - 2 chunks of flesh (gained 1)
You butcher the hobgoblin corpse.
c - 6 chunks of flesh (gained 4)
You see here a club. x2
d - a scroll labeled ELLA XUDWIX
f - a scroll labeled OLLIOSS WUIX A hobgoblin comes into view.
It is wielding a club.
The hobgoblin shouts!
You see here 18 gold pieces.
The hobgoblin hits you with a club.
You barely miss the hobgoblin. The hobgoblin hits you with a club.
You hit the hobgoblin.
You kill the hobgoblin!
No target in view!
No target in view!
No target in view!
No target in view!
No target in view!
No target in view!
No target in view!
No target in view!
You now have 29 gold pieces (gained 18).
Found 20 stones, a scroll labeled TANNYPLIMAUM and 11 gold pieces.
Found a ration.
g - a scroll labeled TANNYPLIMAUM A dart slug comes into view.
A dart slug is nearby!
A dart slug comes into view.
Found 9 arrows.
The dart slug launches a dart at you. The slug dart misses you.
You hit the dart slug. The dart slug barely misses you.
You hit the dart slug. The dart slug launches a dart at you.
The slug dart hits you!
You hit the dart slug. You hit the dart slug. The dart slug misses you.
You barely miss the dart slug. The dart slug bites you.
The dart slug launches a dart at you. The slug dart hits you!
* * * LOW HITPOINT WARNING * * *
You hit the dart slug.
You kill the dart slug!
You have reached level 2!
The dart slug bites you.
You die...

##. ##.. ..# .. ##.(####
#####..# ..###......##
....#..##............##
....#... .............#
....#..# .......w.....#
....#..# .......@.....#
<...#..# #............#
.......# #.#......$...#
....#..# #.#.........##
....#..###.#.........##
#.###..##...........%.#
.......##..#..........#
.......##..#...(......#
#########..#............


You could see a dart slug.

Vanquished Creatures
  A dart slug (D:1)
  2 hobgoblins (D:1)
  2 rats (D:1)
5 creatures vanquished.

Notes
Turn   | Place    | Note
-------+----------+-------------------------------------------
     0 | D:1      | MalarOregon the Merfolk Transmuter began the quest for the
                  | Orb.
     0 | D:1      | Reached XP level 1. HP: 15/15 MP: 3/3
    85 | D:1      | Reached XP level 2. HP: 1/21 MP: 5/5
    85 | D:1      | Slain by a dart slug

Action                   || total
-------------------------++-------
Melee: Unarmed           ||    15
 Stab: Sleeping          ||     1
Dodge: Dodged            ||     7
